Map: [ESL] Site Delta

Players

ByuN

  • Race: Terran Terran
  • Spawn Location: 5:00

trigger - Winner!

  • Race: Protoss Protoss
  • Spawn Location: 11:00

Event: ESL Spring 2024 Finals

VOD

Have the link to the VOD?

Description

Time

  • Played on: June 1, 2024, 10:25 a.m.
  • Length: 9:27

All games in this series

Show
View Real Time Build Order
Export as new Build Order

ByuN Terran 

Build Orders: Liberator Opening 

Get SALT Encoding   

  12  0:00  SCV  
  13  0:12  SCV  
  14  0:17  Supply Depot  
  14  0:24  SCV  
  15  0:38  SCV  
  15  0:39  Barracks  
  15  0:42  Refinery  
  16  0:50  SCV  
  17  1:03  SCV  
  18  1:15  SCV  
  19  1:26  Marine  
  19  1:27  Orbital Command  
  20  1:41  Command Center  
  20  1:51  Factory  
  20  1:54  SCV  
  21  2:01  Barracks Reactor  
  21  2:02  Refinery  
  21  2:06  SCV  
  22  2:12  Supply Depot  
  22  2:19  SCV  
  23  2:33  SCV  
  23  2:35  Widow Mine  
  23  2:37  Starport  
  26  2:38  Marine x2  
  28  2:45  SCV  
  29  2:55  Marine x2  
  29  2:56  Widow Mine  
  29  2:57  SCV  
  34  3:02  Orbital Command  
  34  3:10  SCV  
  35  3:13  Marine x2  
  35  3:15  Medivac  
  39  3:20  Orbital Command  
  39  3:22  Factory Tech Lab  
  39  3:26  SCV  
  40  3:30  Supply Depot  
  40  3:33  Marine x2  
  42  3:38  SCV  
  43  3:42  Siege Tank  
  46  3:51  SCV x2, Liberator  
  51  3:55  Marine  
  51  3:56  Marine  
  51  3:59  Supply Depot  
  53  4:04  SCV  
  53  4:09  SCV  
  55  4:12  Supply Depot  
  55  4:13  Marine  
  55  4:16  Siege Tank  
  59  4:19  SCV  
  59  4:21  SCV  
  59  4:22  Marine  
  63  4:31  SCV, Barracks  
  63  4:37  Supply Depot, Marine  
  64  4:40  Marine  
  64  4:42  SCV  
  64  4:43  SCV  
  67  4:51  Siege Tank  
  70  4:54  SCV  
  70  4:55  SCV  
  70  4:58  Marine x2  
  74  5:06  SCV  
  75  5:07  SCV  
  75  5:15  Marine  
  75  5:16  Marine  
  75  5:18  SCV  
  75  5:19  SCV  
  79  5:28  Refinery  
  77  5:29  Engineering Bay  
  77  5:30  SCV  
  77  5:31  SCV  
  77  5:33  Marine  
  77  5:42  SCV  
  78  5:43  Siege Tank  
  78  5:44  Barracks Tech Lab, SCV  
  78  5:45  Marine  
  79  5:51  Marine  
  79  5:54  SCV, Barracks  
  79  5:56  SCV  
  80  5:57  Terran Infantry Weapons Level 1  
  78  6:04  Marine, Stimpack  
  78  6:05  Starport Reactor  
  78  6:07  SCV  
  78  6:08  SCV  
  77  6:18  Marine  
  77  6:19  SCV, Marine  
  77  6:20  SCV  
  77  6:21  Siege Tank  
  77  6:22  Marine  
  85  6:26  Barracks  
  85  6:30  Barracks  
  85  6:31  SCV  
  77  6:36  Marine x2  
  71  6:40  Marine  
  72  6:53  Supply Depot, Siege Tank  
  75  6:54  Marine x2  
  75  6:55  Barracks Tech Lab  
  75  6:58  SCV, Marine  
  75  7:00  Supply Depot, Refinery  
  78  7:02  Supply Depot  
  78  7:11  Supply Depot  
  78  7:15  Marine x3  
  80  7:17  Medivac x2  
  80  7:18  Barracks Reactor x2  
  80  7:19  Marine  
  80  7:20  Combat Shield  
  80  7:22  Marine x2  
  87  7:31  Siege Tank  
  87  7:32  Marine x2  
  87  7:33  Marine  
  87  7:34  Supply Depot x2  
  87  7:37  Marine  
  93  7:39  Marine x2  
  93  7:40  Supply Depot  
  96  7:50  Marine x2  
  98  7:51  Marine  
  98  7:54  Marine  
  98  7:57  Marine x2  
  102  8:03  Siege Tank  
  105  8:08  Marine x2  
  105  8:09  Marine  
  105  8:11  Supply Depot  
  105  8:12  Marine  
  108  8:15  Marine x2  
  110  8:26  Marine x2  
  110  8:27  Marine  
  111  8:30  Marine  
  111  8:33  Marine x2, Medivac  
  117  8:35  Medivac  
  118  8:44  Marine x3  
  117  8:48  Missile Turret  
  117  8:49  Missile Turret  
  93  9:05  Marine  
  93  9:06  Marine x2  
Show
View Real Time Build Order
Export as new Build Order

trigger Protoss - Winner!

Build Orders: 1 Gate Expand, Blink Stalkers 

Get SALT Encoding   

  12  0:00  Probe  
  13  0:12  Probe  
  14  0:17  Pylon  
  14  0:24  Probe (Chrono Boost)  
  16  0:36  Probe (Chrono Boost)  
  16  0:38  Gateway  
  16  0:43  Probe (Chrono Boost)  
  16  0:46  Assimilator  
  17  0:50  Probe  
  18  1:03  Probe  
  19  1:15  Probe  
  20  1:27  Cybernetics Core  
  20  1:33  Nexus  
  20  1:39  Pylon  
  20  1:42  Probe  
  20  1:46  Assimilator  
  21  1:54  Probe  
  21  2:00  Adept (Chrono Boost)  
  22  2:04  Warp Gate  
  22  2:06  Probe  
  25  2:18  Probe  
  25  2:21  Adept (Chrono Boost)  
  26  2:28  Twilight Council  
  28  2:30  Probe  
  29  2:43  Probe  
  30  2:45  Stalker  
  30  2:47  Probe  
  33  2:55  Probe  
  34  2:59  Blink (Chrono Boost), Probe  
  34  3:04  Gateway  
  35  3:07  Probe  
  35  3:11  Probe  
  37  3:19  Probe  
  38  3:22  Robotics Facility  
  38  3:23  Probe  
  39  3:31  Probe  
  39  3:33  Gateway  
  40  3:35  Probe  
  41  3:43  Pylon, Probe  
  41  3:47  Probe  
  43  3:55  Probe  
  44  3:58  Nexus  
  44  4:01  Probe  
  45  4:07  Stalker x2  
  49  4:10  Observer  
  49  4:12  Probe  
  49  4:15  Probe  
  49  4:16  Assimilator  
  52  4:17  Pylon  
  52  4:31  Stalker  
  54  4:35  Shield Battery, Probe  
  54  4:37  Stalker  
  54  4:38  Stalker  
  59  4:39  Pylon  
  59  4:44  Probe  
  60  4:50  Probe  
  61  4:57  Probe, Immortal (Chrono Boost)  
  61  4:58  Charge  
  66  5:02  Shield Battery  
  66  5:06  Stalker  
  68  5:08  Stalker  
  70  5:15  Probe x3 (Chrono Boost)  
  70  5:17  Stalker  
  75  5:27  Probe x2 (Chrono Boost)  
  71  5:31  Stalker x2  
  71  5:34  Probe (Chrono Boost)  
  71  5:35  Probe (Chrono Boost)  
  70  5:41  Probe  
  73  5:44  Probe  
  73  5:47  Probe  
  74  6:00  Probe x2 (Chrono Boost)  
  74  6:01  Probe (Chrono Boost)  
  77  6:09  Gateway, Probe (Chrono Boost)  
  79  6:12  Probe (Chrono Boost)  
  79  6:16  Stalker x3  
  79  6:18  Probe  
  85  6:33  Probe  
  85  6:36  Nexus, Probe  
  85  6:43  Pylon  
  85  6:45  Gateway, Pylon  
  85  6:46  Gateway, Probe  
  84  6:50  Probe  
  84  6:54  Assimilator  
  85  6:57  Forge  
  85  6:58  Assimilator  
  87  7:01  Observer (Chrono Boost), Probe (Chrono Boost)  
  87  7:03  Robotics Bay, Probe (Chrono Boost)  
  87  7:05  Probe (Chrono Boost)  
  87  7:06  Pylon  
  89  7:13  Zealot x3, Probe (Chrono Boost)  
  89  7:14  Probe (Chrono Boost)  
  89  7:15  Zealot  
  100  7:16  Probe (Chrono Boost)  
  100  7:17  Probe (Chrono Boost)  
  101  7:24  Probe  
  101  7:25  Probe  
  101  7:26  Protoss Ground Weapons Level 1 (Chrono Boost)  
  101  7:27  Gateway, Probe  
  101  7:29  Gateway  
  104  7:33  Pylon  
  104  7:38  Sentry  
  104  7:39  Probe x2  
  104  7:40  Probe  
  109  7:44  Dark Shrine  
  109  7:48  Forge, Pylon  
  109  7:49  Pylon  
  109  7:50  Colossus (Chrono Boost)  
  109  7:54  Pylon  
  109  7:57  Probe x2  
  116  8:00  Shield Battery  
  117  8:11  Zealot x6, Pylon  
  128  8:24  Zealot  
  128  8:25  Zealot  
  128  8:33  Zealot x2  
  138  8:40  Zealot x4  
  141  8:50  Zealot x2  
  139  9:02  Zealot x4  
  123  9:05  Pylon  
  125  9:12  Dark Templar  
  125  9:13  Dark Templar  
  127  9:23  Zealot  
  127  9:24  Zealot  
  120  9:26  Zealot x3  
Tags
 
Add a new tag
Caveats
  • Supply blocks, unpowered buildings, or Contaminate may cause inaccurate times.
  • Supply counts are checked every 10 seconds.